 Dungeon Crawl Stone Soup version 0.21.1-1-g345015fe64 (webtiles) character file.

121 Naru the Poker (level 4, -16/34 HPs)
             Began as a Demonspawn Gladiator on June 15, 2018.
             Demolished by strelocc's ghost (17 damage)
             ... on level 3 of the Dungeon.
             The game lasted 00:05:09 (2754 turns).

Naru the Poker (Demonspawn Gladiator)               Turns: 2754, Time: 00:05:10

Health: -16/34     AC:  8    Str: 14    XL:     4   Next: 77%
Magic:  4/4        EV: 13    Int:  9    God:
Gold:   164        SH:  4    Dex: 21    Spells: 3/3 levels left

rFire    . . .     SeeInvis .   a - +0 trident
rCold    + . .     Gourm    +   r - +0 buckler (curse)
rNeg     . . .     Faith    .   k - +0 scale mail
rPois    .         Spirit   .   c - +1 helmet
rElec    .         Reflect  .   (no cloak)
rCorr    .         Harm     .   (no gloves)
MR       .....                  (no boots)
Stlth    ..........             n - amulet of the gourmand
HPRegen  0.11/turn              u - +5 ring of dexterity
MPRegen  0.09/turn              (no ring)

@: no status effects
A: repulsion field 2, cold resistance 1
a: no special abilities


You were on level 3 of the Dungeon.
You were hungry.

You visited 1 branch of the dungeon, and saw 3 of its levels.

You collected 164 gold pieces.

Inventory:

Hand Weapons
 a - a +0 trident (weapon)
Missiles
 d - 3 throwing nets (quivered)
 h - 17 poisoned needles
 t - 5 curare-tipped needles
Armour
 c - a +1 helmet (worn)
 k - a +0 scale mail (worn)
 r - a cursed +0 buckler (worn)
Jewellery
 n - an amulet of the gourmand (around neck)
 u - a +5 ring of dexterity (left hand)
Scrolls
 e - a scroll of amnesia {unknown}
 g - 8 scrolls of identify {unknown}
 i - 4 scrolls of remove curse {unknown}
 j - a scroll of fear {unknown}
 l - 2 scrolls of magic mapping {unknown}
 o - a scroll of enchant weapon {unknown}
 p - a scroll of noise {unknown}
 v - a scroll of random uselessness {unknown}
 w - a scroll of teleportation {unknown}
Potions
 m - a potion of flight {unknown}
 q - a potion of curing {unknown}
 x - a potion of haste {unknown}
Comestibles
 f - 4 rations


   Skills:
 * Level 2.7 Fighting
 * Level 4.1 Polearms
 + Level 1.8 Throwing
 + Level 1.2 Armour
 + Level 2.9 Dodging
 * Level 0.3 Shields


You had 3 spell levels left.
You didn't know any spells.

Dungeon Overview and Level Annotations

Branches:
Dungeon (3/15)

Altars:
Kikubaaqudgha

Annotations:
D:3 strelocc's ghost, amateur TrBe


Innate Abilities, Weirdness & Mutations

You are surrounded by a moderate repulsion field. (EV +3)
Your flesh is cold resistant. (rC+)


Message History

Your scale mail prevents you from hitting strelocc's ghost.
Strelocc's ghost is lightly damaged.
Strelocc's ghost hits you!
Ouch! That really hurt!
You closely miss strelocc's ghost.
Strelocc's ghost is lightly damaged.
You block strelocc's ghost's attack.
You hit strelocc's ghost but do no damage.
Strelocc's ghost is lightly damaged.
Strelocc's ghost hits you but does no damage.
As you read the scroll labeled DERANO VUGOSOX, it crumbles to dust.
It is a scroll of enchant armour.
Your +0 helmet glows green for a moment.
Strelocc's ghost hits you!
* * * LOW HITPOINT WARNING * * *
Okay, then.
It was a potion of cancellation.
You feel magically purged. Strelocc's ghost hits you!
Ouch! That really hurt!
You die...

#...........# #.#...
########...........#######.#... #
.......'...........'...........
#.########...........##########'#
......####...........##########.#
#>...............................
#.###.#########################.#
#.###.#########################.#
#...............@W...............
#####.##############...(......#.#
#.# #.....>.#.########.#.# #.#
#.#####.#.# #.#.# #####.#
####+#####.#.# #####.#.# ......#
#.......##.#.# #.....#.# ####..#
#.......##.#.# #.....#.#
...#..###.......##.#.## #.....#.#
##.#....'.......#.....###.....#.#


You could see strelocc's ghost.

Vanquished Creatures
  Natasha (D:3)
  2 adders
  An ooze (D:1)
  2 worms
  4 dart slugs
  2 leopard geckos
  An orc (D:3)
  4 bats
  2 giant cockroaches (D:2)
  5 goblins
  6 hobgoblins
  6 jackals
  A quokka (D:2)
  8 frilled lizards
  7 kobolds
  5 rats
57 creatures vanquished.

Notes
Turn   | Place    | Note
-------+----------+-------------------------------------------
     0 | D:1      | Naru the Demonspawn Gladiator began the quest for the Orb.
     0 | D:1      | Reached XP level 1. HP: 16/16 MP: 1/1
    55 | D:1      | Reached skill level 3 in Polearms
    86 | D:1      | Gained mutation: Your flesh is cold resistant. (rC+) [demonic ancestry]
    86 | D:1      | Reached XP level 2. HP: 22/22 MP: 2/2
   840 | D:2      | Gained mutation: You are surrounded by a mild repulsion field. (EV +2) [demonic ancestry]
   840 | D:2      | Reached XP level 3. HP: 16/28 MP: 3/3
  1125 | D:2      | Found an ancient bone altar of Kikubaaqudgha.
  1359 | D:2      | Reached skill level 1 in Armour
  1649 | D:2      | Gained mutation: You are surrounded by a moderate repulsion field. (EV +3) [demonic ancestry]
  1649 | D:2      | Reached XP level 4. HP: 31/34 MP: 4/4
  2219 | D:3      | Noticed Natasha
  2229 | D:3      | Killed Natasha
  2229 | D:3      | Reached skill level 4 in Polearms
  2729 | D:3      | Noticed strelocc's ghost (amateur TrBe)
  2753 | D:3      | HP: 1/34 [strelocc's ghost (16)]
  2754 | D:3      | Demolished by strelocc's ghost

Skill      XL: |  1  2  3  4 |
---------------+-------------+-----
Polearms       | 3 4 |  4.1
Armour         | 1 |  1.2
Fighting       | |  2.7
Throwing       | |  1.8
Dodging        | |  2.9
Shields        | |  0.3

Action                   |  1- 3 |  4- 6 || total
-------------------------+-------+-------++-------
Melee: Trident           |   165 |    79 ||   244
  Use: Scroll            |       |     1 ||     1
       Potion            |       |     1 ||     1
 Stab: Sleeping          |     1 |       ||     1
  Eat: Chunk             |     6 |     1 ||     7
Armor: Leather armour    |     4 |       ||     4
       Scale mail        |    96 |    16 ||   112
Dodge: Dodged            |   135 |    44 ||   179
Block: Buckler           |       |    10 ||    10
